Map: 中心协议

Players

平步青云

  • Race: Terran Terran

电脑难度 (极难) - Winner!

  • Race: Protoss Protoss

VOD

Have the link to the VOD?

Description

Time

  • Played on: Dec. 29, 2015, 8:21 a.m.
  • Length: 10:50
Show
View Real Time Build Order
Export as new Build Order

平步青云 Terran 

Build Orders:  

Get SALT Encoding   

  12  0:01  SCV  
  13  0:13  SCV  
  14  0:21  Supply Depot  
  14  0:25  SCV  
  16  0:42  SCV  
  16  0:47  Barracks  
  16  0:55  SCV  
  17  1:07  SCV  
  18  1:19  SCV  
  18  1:24  Refinery  
  19  1:33  Barracks  
  19  1:35  SCV  
  19  1:38  Marine  
  21  1:47  SCV  
  22  1:56  Marine  
  22  1:59  Refinery  
  23  2:17  Command Center  
  23  2:29  Barracks Tech Lab  
  23  2:30  Barracks Reactor  
  23  2:35  Orbital Command  
  23  2:52  Stimpack  
  23  3:10  Supply Depot  
  23  3:29  SCV  
  23  3:30  SCV  
  23  3:33  Supply Depot  
  24  3:43  SCV x2  
  26  3:49  Marine x2  
  26  3:51  Marauder  
  26  3:55  SCV x2  
  32  3:56  Supply Depot  
  32  3:59  Factory  
  32  4:07  SCV x2  
  32  4:08  Marine x2  
  36  4:13  Marauder  
  38  4:19  SCV x2, Supply Depot  
  40  4:25  Marine  
  40  4:26  Marine  
  43  4:31  SCV  
  43  4:34  Marauder  
  45  4:41  Engineering Bay  
  45  4:43  SCV, Marine x2  
  48  4:50  Factory Tech Lab  
  48  4:55  SCV, Marauder  
  48  4:57  Starport  
  51  5:00  SCV  
  51  5:06  Refinery  
  52  5:07  SCV, Marine  
  52  5:08  Refinery  
  52  5:11  Marine  
  52  5:12  SCV  
  56  5:17  Marauder  
  56  5:19  SCV  
  59  5:25  Marine  
  60  5:31  SCV, Marine  
  60  5:35  Siege Tank  
  65  5:38  Marine  
  65  5:42  Medivac  
  68  5:44  SCV  
  69  5:53  Supply Depot  
  69  5:56  Marine  
  70  6:15  Marauder, Marine  
  70  6:17  Supply Depot  
  76  6:32  Siege Tank  
  76  6:38  SCV  
  77  6:40  Supply Depot  
  77  6:50  SCV  
  77  6:51  Marine, Marauder  
  77  6:52  Marine  
  82  6:55  Medivac  
  84  7:02  SCV  
  84  7:03  Supply Depot  
  84  7:05  Siege Tank  
  88  7:14  SCV  
  89  7:17  Missile Turret  
  89  7:22  Missile Turret  
  89  7:25  Medivac  
  89  7:27  SCV, Supply Depot  
  95  7:37  Siege Tank  
  95  7:39  Marine x2  
  95  7:40  Marauder  
  99  7:50  Starport  
  99  7:53  Terran Infantry Weapons Level 1  
  99  7:55  Medivac  
  99  7:57  Marine x2  
  103  8:02  Marauder  
  105  8:09  Siege Tank  
  108  8:15  Marine x2  
  110  8:20  Planetary Fortress  
  110  8:33  Supply Depot  
  110  8:55  Siege Tank, Marauder  
  115  8:56  Supply Depot  
  115  9:14  Marine x2  
  117  9:18  Marauder  
  117  9:19  Supply Depot, Medivac  
  117  9:23  Starport Tech Lab  
  121  9:27  Siege Tank  
  124  9:32  Marine x2  
  126  9:41  Marauder  
  126  9:42  Supply Depot  
  122  10:12  Marine x2  
  122  10:13  Marauder  
  108  10:15  Siege Tank  
  108  10:17  Medivac x2  
  69  10:29  Marine  
  69  10:30  Marine  
Show
View Real Time Build Order
Export as new Build Order

电脑难度 (极难) Protoss - Winner!

Build Orders: 1 Gate Expand, Zealot Archon 

Get SALT Encoding   

  12  0:01  Probe (Chrono Boost)  
  13  0:11  Probe (Chrono Boost)  
  14  0:20  Pylon  
  14  0:22  Probe (Chrono Boost)  
  15  0:38  Probe (Chrono Boost)  
  16  0:49  Probe (Chrono Boost), Gateway  
  17  0:59  Probe (Chrono Boost)  
  18  1:10  Probe (Chrono Boost)  
  19  1:16  Nexus  
  19  1:20  Probe (Chrono Boost)  
  20  1:31  Probe (Chrono Boost)  
  21  1:35  Zealot  
  21  1:38  Pylon  
  23  1:45  Cybernetics Core  
  23  1:49  Assimilator  
  23  1:57  Probe (Chrono Boost)  
  24  2:08  Probe (Chrono Boost)  
  25  2:18  Probe (Chrono Boost)  
  25  2:22  Pylon  
  26  2:24  Warp Gate  
  26  2:28  Probe (Chrono Boost)  
  26  2:29  Probe (Chrono Boost)  
  28  2:33  Gateway  
  28  2:39  Probe (Chrono Boost)  
  28  2:41  Assimilator  
  28  2:44  Probe (Chrono Boost)  
  30  2:49  Stalker  
  30  2:55  Pylon  
  30  2:57  Probe (Chrono Boost)  
  34  2:59  Probe (Chrono Boost)  
  34  3:08  Probe (Chrono Boost)  
  34  3:10  Probe (Chrono Boost)  
  36  3:18  Adept x2  
  38  3:25  Probe (Chrono Boost)  
  38  3:26  Probe (Chrono Boost)  
  42  3:28  Robotics Facility  
  42  3:37  Probe x2 (Chrono Boost)  
  44  3:43  Adept  
  44  3:44  Adept  
  50  3:48  Probe (Chrono Boost)  
  50  3:49  Probe (Chrono Boost)  
  50  3:59  Probe (Chrono Boost)  
  50  4:00  Probe (Chrono Boost)  
  52  4:09  Adept x2  
  52  4:11  Probe (Chrono Boost), Pylon  
  52  4:12  Probe (Chrono Boost)  
  58  4:23  Probe (Chrono Boost)  
  59  4:25  Robotics Bay  
  59  4:30  Pylon  
  59  4:36  Observer  
  59  4:38  Gateway  
  60  4:42  Probe (Chrono Boost), Pylon  
  60  4:44  Probe (Chrono Boost)  
  62  5:00  Robotics Facility  
  62  5:06  Stalker, Pylon  
  64  5:08  Zealot  
  66  5:23  Pylon  
  66  5:25  Zealot  
  66  5:26  Stalker  
  66  5:27  Gateway  
  70  5:32  Zealot  
  72  5:44  Zealot  
  72  5:45  Probe (Chrono Boost), Assimilator  
  72  5:47  Zealot  
  77  5:50  Twilight Council  
  77  5:51  Forge, Zealot  
  77  5:54  Pylon  
  77  5:55  Assimilator  
  79  6:03  Zealot  
  81  6:05  Nexus, Zealot  
  81  6:09  Zealot  
  81  6:10  Probe x2 (Chrono Boost)  
  87  6:18  Pylon  
  87  6:21  Probe (Chrono Boost), Zealot  
  87  6:22  Probe (Chrono Boost), Zealot  
  87  6:24  Stalker  
  95  6:29  Sentry  
  98  6:33  Templar Archives, Probe (Chrono Boost)  
  98  6:50  Forge  
  98  6:53  Photon Cannon  
  98  6:55  Pylon  
  98  7:00  Stalker  
  100  7:05  Stalker  
  102  7:10  Stalker  
  102  7:11  High Templar  
  106  7:15  Photon Cannon  
  106  7:17  Photon Cannon  
  106  7:19  Probe x3 (Chrono Boost)  
  106  7:21  Stalker  
  111  7:23  Immortal  
  111  7:26  Stalker  
  117  7:30  Probe (Chrono Boost)  
  117  7:31  Probe (Chrono Boost)  
  117  7:32  Probe (Chrono Boost), High Templar  
  122  7:39  Assimilator  
  122  7:43  Probe (Chrono Boost)  
  122  7:44  Stalker, Probe x2 (Chrono Boost), Sentry  
  125  7:45  Pylon  
  125  7:46  Archon, Assimilator  
  129  7:55  Probe x2 (Chrono Boost)  
  129  7:57  Probe (Chrono Boost)  
  132  8:00  High Templar  
  135  8:06  Probe x2 (Chrono Boost)  
  135  8:08  Probe (Chrono Boost)  
  135  8:10  Pylon  
  135  8:12  High Templar  
  139  8:14  Photon Cannon  
  139  8:16  Stalker, Pylon  
  139  8:17  Probe (Chrono Boost)  
  139  8:18  Probe (Chrono Boost)  
  139  8:19  Stalker  
  146  8:20  Probe (Chrono Boost)  
  146  8:25  Archon  
  146  8:28  Probe (Chrono Boost)  
  146  8:30  High Templar  
  149  8:37  Pylon  
  149  8:38  High Templar  
  149  8:40  Immortal  
  151  8:42  Photon Cannon  
  151  8:44  Photon Cannon x2  
  155  8:50  Sentry  
  155  8:51  Archon  
  157  8:59  High Templar  
  157  9:00  Pylon  
  159  9:06  Warp Prism  
  159  9:08  Zealot x2, Photon Cannon  
  165  9:11  Zealot  
  165  9:15  Warp Prism  
  167  9:23  Pylon  
  169  9:27  Zealot, High Templar  
  173  9:41  Observer, High Templar, Archon  
  176  9:49  Pylon, High Templar  
  176  9:50  Observer  
  179  9:54  Photon Cannon  
  179  9:57  Gateway  
  179  9:59  Immortal  
  179  10:01  Zealot  
  179  10:04  Nexus  
  179  10:05  Stalker  
  171  10:09  Immortal  
  171  10:11  Zealot  
  171  10:13  Pylon  
  161  10:19  Zealot  
  161  10:20  Stalker  
  147  10:27  Sentry  
  149  10:29  Adept  
  151  10:36  Photon Cannon  
  151  10:38  Zealot  
  151  10:40  Zealot  
  157  10:48  Sentry  
  157  10:49  Gateway, High Templar  
Tags
 
Add a new tag
Caveats
  • Supply blocks, unpowered buildings, or Contaminate may cause inaccurate times.
  • Supply counts are checked every 10 seconds.